 Dungeon Crawl Stone Soup version 0.18.1-48-g4cf74bf (webtiles) character file.

170 SpiderAnon the Twirler (level 5, -4/38 HPs)
             Began as a Demonspawn Gladiator on July 4, 2016.
             Killed by divine providence
             ... invoked by an orc priest
              (9 damage)
             ... on level 7 of the Dungeon.
             The game lasted 00:11:09 (2399 turns).

SpiderAnon the Twirler (Demonspawn Gladiator)       Turns: 2399, Time: 00:11:09

Health: -4/38      AC: 15    Str: 17    XL:     5   Next: 25%
Magic:  0/5        EV:  5    Int:  9    God:
Gold:   126        SH:  0    Dex: 12    Spells: 0 memorised, 4 levels left

rFire  . . .     SeeInvis .     o - +0 war axe
rCold  . . .     Gourm    .     n - +0 plate armour
rNeg   . . .     Faith    .     (no shield)
rPois  .         Spirit   +     c - +0 helmet
rElec  .         Dismiss  .     (no cloak)
rCorr  .         Reflect  .     (no gloves)
SustAt .         Harm     .     (no boots)
MR     .....                    (no amulet)
Stlth  ..........               (no ring)
                                i - ring of flight

@: not resistant to hostile enchantments, extremely unstealthy
A: rough black scales 1, magic shield, magic regeneration
a: Evoke Flight


You were on level 7 of the Dungeon.
You were not hungry.

You visited 1 branch of the dungeon, and saw 7 of its levels.

You collected 126 gold pieces.

Inventory:

Hand Weapons
 a - a +0 quarterstaff
 o - a +0 war axe (weapon)
Missiles
 e - 29 arrows
 p - 7 poisoned needles
Armour
 b - a +0 leather armour
 c - a +0 helmet (worn)
 h - a +0 leather armour
 l - a +0 ring mail
 n - a +0 plate armour (worn)
 r - a +0 helmet
Jewellery
 i - a ring of flight (left hand)
 j - a cursed ring of loudness
 u - an uncursed ring of wizardry
Scrolls
 g - a scroll of blinking
 k - a scroll of amnesia {unknown}
 s - 2 scrolls of identify
 t - a scroll of remove curse {unknown}
Potions
 q - a potion of haste
 v - a potion of flight


   Skills:
 - Level 2.0 Fighting
 + Level 3.0 Axes
 - Level 4.3 Staves
 - Level 1.7 Throwing
 - Level 2.6 Dodging


You had 4 spell levels left.
You didn't know any spells.

Dungeon Overview and Level Annotations

Branches:
Dungeon (7/15)
 Temple: D:4-7

Altars:

Annotations:
D:3 kolakolka's ghost, amateur GrEE
D:4 Sigmund
D:6 Aquadorian's ghost, novice HOFE


Innate Abilities, Weirdness & Mutations

You are partially covered in rough black scales (AC +4, Dex -1).
When hurt, damage is shared between your health and your magic reserves.
You regenerate magic rapidly.


Message History

The orc priest mumbles some strange prayers to Beogh against you.
Beogh smites you!
* * * LOW HITPOINT WARNING * * *
The orc hits you but does no damage.
You slash the orc!
You kill the orc!
The orc priest miscasts a cantrip.
You barely miss the orc priest. The orc priest hits you with a dagger.
You barely miss the orc priest.
The orc priest hits you but does no damage.
Your plate armour prevents you from hitting the orc priest.
The orc priest hits you with a dagger.
* * * LOW HITPOINT WARNING * * *
The orc priest hits you but does no damage.
You closely miss the orc priest.
The orc wizard casts a spell.
The orc wizard flickers and vanishes!
The orc priest invokes the aid of Beogh against you.
Beogh smites you!
You die...

#.# #.# #.#
####<# #....#
#.#### #.# #.#
#@# #o# #{#
######o######
............<#
#######....o.o..
######?.o. ###


You could see an orc priest and an orc.

Vanquished Creatures
  A giant frog zombie (D:5)
  A giant frog skeleton (D:5)
  An orc wizard (D:6)
  2 adders (D:2)
  An ooze (D:1)
  3 worms (D:2)
  4 dart slugs
  A giant gecko (D:5)
  5 orcs
  A giant cockroach (D:2)
  6 goblins
  4 hobgoblins
  4 kobolds
  2 bats (D:1)
  A giant gecko zombie (D:5)
  4 giant newts (D:2)
  2 rats (D:2)
43 creatures vanquished.

Notes
Turn   | Place    | Note
--------------------------------------------------------------
     0 | D:1      | SpiderAnon the Demonspawn Gladiator began the quest for the Orb.
     0 | D:1      | Reached XP level 1. HP: 16/16 MP: 1/1
    30 | D:1      | Reached skill level 3 in Staves
   297 | D:1      | Gained mutation: When hurt, damage is shared between your health and your magic reserves. [demonic ancestry]
   297 | D:1      | Reached XP level 2. HP: 8/22 MP: 2/2
   880 | D:2      | Reached XP level 3. HP: 18/27 MP: 3/3
  1031 | D:2      | Reached skill level 4 in Staves
  1691 | D:3      | Gained mutation: You are partially covered in rough black scales (AC +4, Dex -1). [demonic ancestry]
  1691 | D:3      | Reached XP level 4. HP: 32/33 MP: 4/4
  1701 | D:3      | Noticed kolakolka's ghost (amateur GrEE)
  1843 | D:4      | Noticed Sigmund
  1887 | D:5      | Entered Level 5 of the Dungeon
  1911 | D:5      | Reached skill level 1 in Axes
  2117 | D:5      | Noticed an ice beast
  2204 | D:6      | Gained mutation: You regenerate magic rapidly. [demonic ancestry]
  2204 | D:6      | Reached XP level 5. HP: 37/38 MP: 5/5
  2224 | D:6      | Noticed Aquadorian's ghost (novice HOFE)
  2272 | D:6      | HP: 1/38 [Aquadorian's ghost/flame tongue (11)]
  2399 | D:7      | Killed from afar by an orc priest

Skill      XL: |  1  2  3  4  5 |
---------------+----------------+-----
Staves         | 3 4 |  4.3
Axes           | 2 3 |  3.0
Fighting       | |  2.0
Throwing       | |  1.7
Dodging        | |  2.6

Action                   |  1- 3 |  4- 6 || total
-------------------------+-------+-------++-------
Melee: Quarterstaff      |   127 |       ||   127
       War axe           |    12 |    79 ||    91
Throw: Throwing net      |       |     3 ||     3
  Use: Scroll            |     6 |       ||     6
       Potion            |       |     9 ||     9
 Stab: Sleeping          |     1 |       ||     1
  Eat: Bread ration      |     1 |     1 ||     2
Armor: Leather armour    |    10 |       ||    10
       Ring mail         |    20 |       ||    20
       Plate armour      |    32 |    71 ||   103
Dodge: Dodged            |    59 |    23 ||    82
